 Dungeon Crawl Stone Soup version 0.19-a0-1442-g3b32ff5 (webtiles) character file.

92184 Amnesiac the Deadly Accurate (level 16, -21/163 HPs)
             Began as an Ogre Hunter on Sept 6, 2016.
             Was the Champion of Okawaru.
             Killed from afar by a servant of whispers (32 damage)
             ... with a bolt of lightning
             ... in the Desolation of Salt.
             The game lasted 00:57:54 (26483 turns).

Amnesiac the Deadly Accurate (Ogre Hunter)         Turns: 26483, Time: 00:57:55

Health: -21/163    AC: 25    Str: 21    XL:     16   Next: 5%
Magic:  14/20      EV: 22    Int: 14    God:    Okawaru [******]
Gold:   1861       SH:  3    Dex: 21    Spells: 3 memorised, 15 levels left

rFire  + + .     SeeInvis .     l - +8 dire flail (crush)
rCold  + . .     Gourm    .     k - +5 fire dragon armour
rNeg   + + .     Faith    .     (shield currently unavailable)
rPois  +         Spirit   .     s - +2 hat {MR+}
rElec  .         Dismiss  .     x - +2 cloak of Okawaru's Condemnation {rN++ Regen+ Int+4}
rCorr  .         Reflect  +     (gloves unavailable)
MR     ++...     Harm     .     (boots unavailable)
Stlth  ++........               Q - +3 amulet of reflection
                                R - ring of ice
                                K - ring of Suar {+Fly rF+}

@: agile, heroism, finesse, repel missiles
A: unfitting armour, beak, hooves 1, rough black scales 1, agile 1, cold
resistance 1, frail 1, mutation resistance 1, poison resistance, slow
regeneration 1, tough skin 1
a: Heroism, Finesse, Renounce Religion, Evoke Flight


You were in the Desolation of Salt.
You worshipped Okawaru.
Okawaru was exalted by your worship.
You were not hungry.

You visited 5 branches of the dungeon, and saw 21 of its levels.
You also visited: Desolation.

You collected 1861 gold pieces.

Inventory:

Hand Weapons
 l - a +8 dire flail of crushing (weapon)
 y - the +3 morningstar "Spiderslayer" {crush, rF+}
   (You found it on level 6 of the Lair of Beasts)

   It inflicts extra damage upon your enemies.
   It protects you from fire.
Missiles
 c - 13 large rocks (quivered)
 j - 40 tomahawks
 r - 8 silver tomahawks
 z - 9 poisoned tomahawks
 I - 8 steel tomahawks
 O - 5 tomahawks of dispersal
 P - 2 exploding tomahawks
Armour
 d - the +9 large shield of Vorchol {rN+++ rCorr Int+3}
   (Okawaru gifted it to you on level 2 of the Orcish Mines)

   It affects your intelligence (+3).
   It renders you almost immune to negative energy.
   It protects you from acid and corrosion.
 k - a +5 fire dragon armour (worn)
 s - a +2 hat of magic resistance (worn)
 x - the +2 cloak of Okawaru's Condemnation (worn) {rN++ Regen+ Int+4}
   (Okawaru gifted it to you on level 4 of the Lair of Beasts)

   It affects your intelligence (+4).
   It greatly protects you from negative energy.
   It increases your rate of regeneration.
Jewellery
 m - an uncursed ring of flight
 C - an uncursed amulet of guardian spirit
 K - the ring of Suar (left hand) {+Fly rF+}
   (You found it on level 10 of the Dungeon)

   [ring of flight]

   It protects you from fire.
   It lets you fly.
 Q - a +3 amulet of reflection (around neck)
 R - a ring of ice (right hand)
 X - an uncursed ring of stealth
Wands
 D - a wand of digging (12/24)
 G - a wand of disintegration (16/24)
Scrolls
 b - a scroll of teleportation
 e - 4 scrolls of identify
 t - 6 scrolls of remove curse
 v - 2 scrolls of fog
 A - 4 scrolls of amnesia
 E - a scroll of silence
 L - a scroll of magic mapping
 T - a scroll of fear
 Y - 2 scrolls of blinking
Potions
 a - a potion of resistance
 h - 4 potions of curing
 p - 2 potions of invisibility
 q - 3 potions of lignification
 u - 2 potions of cure mutation
 w - a potion of brilliance
 B - 3 potions of flight
 F - a potion of might
 H - 2 potions of agility
 Z - a potion of cancellation
Miscellaneous
 U - a box of beasts
 W - a phial of floods
Comestibles
 f - 9 bread rations
 g - 13 meat rations
 i - 8 beef jerkies
 n - 9 slices of pizza
 M - 14 royal jellies
 V - 7 fruits


   Skills:
 - Level 16.8(21.8) Fighting
 - Level 14.0(19.0) Maces & Flails
 - Level 17.2(22.2) Throwing
 - Level 5.0(10.0) Armour
 - Level 8.7(13.7) Dodging
 - Level 0.7(5.7) Stealth
 - Level 3.3(8.3) Shields
 - Level 3.0 Spellcasting
 - Level 1.0 Charms
 - Level 1.0 Transmutations
 - Level 1.0 Air Magic
 - Level 1.0 Earth Magic
 + Level 5.8 Invocations


You had 15 spell levels left.
You knew the following spells:

 Your Spells              Type           Power        Failure   Level  Hunger
a - Repel Missiles        Chrm/Air       #.....       67%         2    ##.....
v - Passwall              Tmut/Erth      #.........   67%         2    ##.....
w - Swiftness             Chrm/Air       #.......     67%         2    ##.....


Dungeon Overview and Level Annotations

Branches:
Dungeon (11/15)            Temple (1/1) D:4            Lair (6/6) D:11
 Shoals (0/4) Lair:2        Snake (0/4) Lair:3        Slime (0/5) Lair:5
    Orc (2/2) D:9             Elf (1/3) Orc:2

Altars:
Ashenzari
Cheibriados
Dithmenos
Elyvilon
Fedhas
Gozag
Hepliaklqana
Kikubaaqudgha
Makhleb
Nemelex Xobeh
Okawaru
Qazlal
Ru
Sif Muna
Trog
Uskayaw
Vehumet
Xom
Yredelemnul
Zin
The Shining One
Beogh

Shops:
Orc:1 (   Orc:2 :}!=%


Innate Abilities, Weirdness & Mutations

You are too large for most types of armour.
You have tough skin. (AC +1)
You have a beak for a mouth.
You have large cloven feet.
You are partially covered in rough black scales. (AC +2, Dex -1)
You are agile. (Dex +2)
Your flesh is cold resistant. (rC+)
You are frail. (-10% HP)
You are somewhat resistant to further mutation.
Your system is resistant to poisons. (rPois)
You regenerate slowly when monsters are visible.


Message History

Okawaru accepts your kill.
The servant of whispers barely misses you.
Unknown command.
You sock the servant of whispers!
You kick the servant of whispers, but do no damage.
You peck the servant of whispers.
The servant of whispers is moderately wounded.
You sock the servant of whispers!
The servant of whispers is moderately wounded.
You closely miss the servant of whispers.
You kick the servant of whispers, but do no damage.
Your peck misses the servant of whispers.
The servant of whispers is moderately wounded.
You bludgeon the servant of whispers!! You peck the servant of whispers.
The servant of whispers is almost dead.
The servant of whispers invokes the aid of its god against you.
The bolt of lightning hits you!
* * * LOW HITPOINT WARNING * * *
The bolt of lightning hits you!
You die...

.........#..# #
.....(......# }#
.....(((....#..#
.....((.....#.## #....
#.....(.......# #....
#....).....(.# #....
.....(....# #....
........))..# #....
........p@..# ### #....
..........#####.####....
............8..#........
........................
........................
........................
.........................
...............#.........
.............##..........


You could see a servant of whispers.

Vanquished Creatures
  Saint Roka (Orc:2)
  Gastronok (Orc:1)
  A dire elephant (Lair:6)
  2 ragged hierophants (Desolation)
  Snorg (Orc:1)
  The ghost of Xiguana the Fighter, a journeyman FoFi of Okawaru (Orc:1)
  A crystal guardian (Desolation)
  2 servants of whispers (Desolation)
  A peacekeeper (Desolation)
  6 hydras
  Erica (Orc:1)
  A catoblepas (Lair:6)
  A deep troll shaman (Lair:6)
  24 death yaks
  A dancing weapon (Elf:1)
  The ghost of Amnesiac the Transmogrifier, a novice OpTm of Gozag (D:9)
  4 orc high priests (Orc:2)
  7 orc knights
  An unseen horror (D:10)
  An orange crystal statue (D:9)
  2 deep elf magi (Elf:1)
  A deep elf archer (Elf:1)
  Pikel (D:7)
  An ironbrand convoker (Desolation)
  2 griffons
  A hill giant (D:10)
  A cyclops (Orc:2)
  6 orc sorcerers
  An oklob plant (Lair:2)
  A manticore (D:9)
  3 guardian serpents (Desolation)
  16 elephants
  Joseph (D:7)
  3 black mambas
  Maurice (Orc:2)
  13 spiny frogs
  2 komodo dragons
  2 rime drakes
  A queen bee (Orc:1)
  6 trolls
  4 polar bears
  A two-headed ogre (D:8)
  3 slime creatures (Lair:5)
  13 blink frogs
  14 saltlings (Desolation)
  The ghost of Amnesiac the Insei, an amateur OpTm (D:4)
  A water elemental (Elf:1)
  A shadow (D:11)
  43 yaks
  A wraith (D:11)
  A wyvern (D:9)
  2 hogs (D:11)
  A human (D:11)
  A fire elemental (Elf:1)
  8 hippogriffs
  Edmund (D:4)
  2 wargs (Orc:1)
  2 nagas (Lair:3)
  10 water moccasins
  37 orc warriors
  10 porcupines
  5 sky beasts
  4 ice beasts
  11 ogres
  4 slaves (D:7)
  4 black bears
  3 phantoms
  4 wolves (Lair:6)
  An eye of draining (D:11)
  9 centaurs
  9 crocodiles
  4 big kobolds
  6 giant frogs
  A wyvern zombie (D:6)
  A wyvern skeleton (D:11)
  2 scorpions
  29 killer bees
  20 wights
  An electric eel (Lair:3)
  2 giant frog zombies (D:5)
  A howler monkey (D:10)
  A quasit (D:7)
  A gnoll shaman (D:8)
  4 hounds
  2 jellies
  26 orc priests
  A giant frog skeleton (D:6)
  34 orc wizards
  Crazy Yiuf (D:3)
  8 iguanas
  6 worker ants
  2 hound skeletons (D:6)
  A worker ant zombie (D:10)
  12 gnolls
  9 adders
  27 river rats
  A shadow imp (D:5)
  An ooze (D:6)
  An adder skeleton (D:8)
  4 worms
  A dart slug (D:1)
  7 giant geckos
  94 orcs
  4 giant cockroaches
  11 hobgoblins
  17 jackals
  24 kobolds
  8 quokkas
  15 bats
  2 giant newts
  7 goblins
  A jackal zombie (D:7)
  A quokka skeleton (D:5)
  20 rats
  A bush (Lair:2)
  A fungus (Lair:6)
  A plant (Lair:5)
759 creatures vanquished.

Vanquished Creatures (others)
  2 orcs (Orc:2)
  5 fungi
  11 plants
18 creatures vanquished.

Grand Total: 777 creatures vanquished

Notes
Turn   | Place    | Note
-------+----------+-------------------------------------------
     0 | D:1      | Amnesiac the Ogre Hunter began the quest for the Orb.
     0 | D:1      | Reached XP level 1. HP: 22/22 MP: 1/1
    95 | D:1      | Reached XP level 2. HP: 26/31 MP: 2/2
   647 | D:1      | Reached XP level 3. HP: 33/39 MP: 3/3
  1168 | D:4      | Noticed Edmund
  1171 | D:4      | Killed Edmund
  1171 | D:4      | Reached skill level 5 in Throwing
  1171 | D:4      | Reached XP level 4. HP: 49/49 MP: 4/4
  1171 | D:4      | Reached XP level 5. HP: 55/55 MP: 5/5
  1429 | D:4      | Noticed Amnesiac's ghost (amateur OpTm)
  1437 | D:4      | Reached skill level 5 in Fighting
  1443 | D:4      | Killed Amnesiac's ghost
  1443 | D:4      | Reached XP level 6. HP: 36/66 MP: 6/6
  1603 | D:4      | Found a glowing golden altar of the Shining One.
  1632 | D:4      | Reached skill level 5 in Maces & Flails
  1643 | D:4      | Reached XP level 7. HP: 40/72 MP: 7/7
  2173 | D:4      | Reached skill level 6 in Throwing
  2264 | D:4      | Found a staircase to the Ecumenical Temple.
  2303 | Temple   | Entered the Ecumenical Temple
  2376 | Temple   | Became a worshipper of Warmaster Okawaru
  3673 | D:3      | Found a runed door.
  4290 | D:3      | Noticed Crazy Yiuf
  4295 | D:3      | Killed Crazy Yiuf
  4404 | D:4      | Gained mutation: You have a beak for a mouth. [mutagenic meat]
  4407 | D:4      | Gained mutation: You have sharp toenails. [mutagenic meat]
  4410 | D:4      | Gained mutation: You are partially covered in iridescent scales. (AC +2) [mutagenic meat]
  4413 | D:4      | Gained mutation: Scrolls take you a little longer to read. [mutagenic meat]
  4416 | D:4      | Gained mutation: You are partially covered in rough black scales. (AC +2, Dex -1) [mutagenic meat]
  4419 | D:4      | Lost mutation: You have sharp toenails. [mutagenic meat]
  4774 | D:5      | Entered Level 5 of the Dungeon
  4902 | D:5      | Reached XP level 8. HP: 86/87 MP: 8/8
  5841 | D:6      | Reached * piety under Okawaru
  6223 | D:6      | Reached XP level 9. HP: 55/101 MP: 9/9
  6237 | D:6      | Reached skill level 10 in Fighting
  6499 | D:6      | Reached ** piety under Okawaru
  6623 | D:6      | Reached skill level 10 in Maces & Flails
  7582 | D:7      | Reached skill level 5 in Dodging
  7811 | D:7      | Noticed Pikel
  7826 | D:7      | Killed Pikel
  7826 | D:7      | Reached *** piety under Okawaru
  7826 | D:7      | Reached XP level 10. HP: 82/110 MP: 10/10
  7981 | D:7      | Noticed Joseph
  7985 | D:7      | Killed Joseph
  9381 | D:9      | Received a gift from Okawaru
  9420 | D:9      | Noticed a manticore
  9420 | D:9      | Gained mutation: You are dopey. (Int -2) [mutagenic meat]
  9423 | D:9      | Gained mutation: Your system is resistant to poisons. (rPois) [mutagenic meat]
  9428 | D:9      | Gained mutation: You are agile. (Dex +2) [mutagenic meat]
  9436 | D:9      | Killed a manticore
  9870 | D:9      | Found a staircase to the Orcish Mines.
  9876 | D:9      | Noticed Amnesiac's ghost (novice OpTm)
  9889 | D:9      | Killed Amnesiac's ghost
  9889 | D:9      | Reached **** piety under Okawaru
  9889 | D:9      | Received a gift from Okawaru
  9953 | D:9      | Noticed an orange crystal statue
  9955 | D:9      | Noticed a cyclops
  9982 | D:9      | Killed an orange crystal statue
 10840 | D:9      | Reached XP level 11. HP: 110/117 MP: 11/11
 10903 | Orc:1    | Entered Level 1 of the Orcish Mines
 11208 | Orc:1    | Reached ***** piety under Okawaru
 11572 | Orc:2    | Entered Level 2 of the Orcish Mines
 11746 | Orc:2    | Found a staircase to the Elven Halls.
 11751 | Orc:2    | Noticed an orc knight
 11838 | Orc:1    | Noticed Xiguana's ghost (journeyman FoFi)
 11856 | Orc:1    | Killed Xiguana's ghost
 11856 | Orc:1    | Received a gift from Okawaru
 12093 | Orc:1    | Found Vodul's Antique Weapon Boutique.
 12127 | Orc:1    | Noticed Gastronok
 12128 | Orc:1    | Noticed an orc knight
 12146 | Orc:1    | Killed an orc knight
 12162 | Orc:1    | Killed Gastronok
 12440 | Orc:1    | Noticed Erica
 12442 | Orc:1    | Noticed Snorg
 12457 | Orc:1    | Killed Erica
 12461 | Orc:1    | Reached XP level 12. HP: 80/139 MP: 12/12
 12471 | Orc:1    | Killed Snorg
 12471 | Orc:1    | Reached skill level 7 in Throwing
 12980 | Orc:1    | Received a gift from Okawaru
 13168 | Orc:2    | Noticed Maurice
 13176 | Orc:2    | Killed Maurice
 13182 | Orc:2    | Reached skill level 8 in Throwing
 13373 | Orc:2    | Reached ****** piety under Okawaru
 13389 | Orc:2    | Found a roughly hewn altar of Beogh.
 13703 | Orc:2    | Received a gift from Okawaru
 13703 | Orc:2    | Reached skill level 9 in Throwing
 14875 | Orc:2    | Noticed an orc high priest
 14883 | Orc:2    | Killed an orc high priest
 14883 | Orc:2    | Reached skill level 10 in Throwing
 14919 | Orc:2    | Noticed an orc high priest
 14924 | Orc:2    | Killed an orc high priest
 14928 | Orc:2    | Noticed an orc high priest
 14940 | Orc:2    | Killed an orc high priest
 14940 | Orc:2    | Received a gift from Okawaru
 14942 | Orc:2    | Reached skill level 11 in Throwing
 14943 | Orc:2    | Found Razomeur's Food Shoppe.
 14943 | Orc:2    | Found Pair's Jewellery Shop.
 14967 | Orc:2    | Found Xetoe's Gadget Shop.
 14967 | Orc:2    | Found Ohifeax's Distillery.
 15018 | Orc:2    | Noticed Saint Roka
 15069 | Orc:2    | Received a gift from Okawaru
 15444 | Orc:2    | Got a transparent large shield {god gift}
 15510 | Orc:2    | Killed Saint Roka
 15510 | Orc:2    | Reached skill level 12 in Throwing
 15510 | Orc:2    | Reached XP level 13. HP: 28/146 MP: 13/13
 16120 | Orc:2    | Reached skill level 13 in Throwing
 16540 | Orc:2    | Found Qooffeuv's Book Emporium.
 16848 | D:10     | Entered Level 10 of the Dungeon
 16910 | D:10     | Got a heavily runed bronze ring
 16912 | D:10     | Identified the ring of Suar {+Fly rF+} (You found it on level 10 of the Dungeon)
 17732 | D:11     | Received a gift from Okawaru
 17770 | D:11     | Reached skill level 14 in Throwing
 18017 | D:11     | Received a gift from Okawaru
 18830 | D:11     | Found a staircase to the Lair.
 18862 | Lair:1   | Entered Level 1 of the Lair of Beasts
 19026 | Lair:1   | Reached XP level 14. HP: 157/157 MP: 14/14
 19199 | Lair:1   | Gained mutation: You regenerate slowly when monsters are visible. [potion of mutation]
 19199 | Lair:1   | Gained mutation: Armour fits poorly on your strangely shaped body. [potion of mutation]
 19200 | Lair:1   | Lost mutation: You are partially covered in iridescent scales. (AC +2) [potion of cure mutation]
 19200 | Lair:1   | Lost mutation: You are dopey. (Int -2) [potion of cure mutation]
 19200 | Lair:1   | Lost mutation: Armour fits poorly on your strangely shaped body. [potion of cure mutation]
 19200 | Lair:1   | Lost mutation: Scrolls take you a little longer to read. [potion of cure mutation]
 19388 | Lair:1   | Received a gift from Okawaru
 19503 | Lair:1   | Reached skill level 15 in Fighting
 19520 | Lair:1   | Reached skill level 15 in Throwing
 20334 | Lair:2   | Found a staircase to the Shoals.
 20376 | Lair:2   | Identified Sif Muna's Papyrus of the Creative Rocks
 21178 | Lair:3   | Found a staircase to the Snake Pit.
 22415 | Lair:4   | Reached skill level 16 in Throwing
 22426 | Lair:4   | Received a gift from Okawaru
 22807 | Lair:4   | Received a gift from Okawaru
 22816 | Lair:4   | Got a twisted cloak {god gift}
 22822 | Lair:4   | Identified the +2 cloak of Okawaru's Condemnation {rN++ Regen+ Int+4} (Okawaru gifted it to you on level 4 of the Lair of Beasts)
 22825 | Lair:4   | Learned a level 2 spell: Repel Missiles
 22828 | Lair:4   | Learned a level 2 spell: Swiftness
 22831 | Lair:4   | Learned a level 2 spell: Passwall
 22995 | Lair:5   | Reached skill level 1 in Spellcasting
 23181 | Lair:5   | Reached skill level 1 in Charms
 23181 | Lair:5   | Reached skill level 1 in Transmutations
 23181 | Lair:5   | Reached skill level 1 in Air Magic
 23181 | Lair:5   | Reached skill level 1 in Earth Magic
 23223 | Lair:5   | Found a staircase to the Slime Pits.
 24058 | Lair:6   | Entered Level 6 of the Lair of Beasts
 24063 | Lair:6   | Reached XP level 15. HP: 170/170 MP: 19/19
 24621 | Lair:6   | Reached skill level 17 in Throwing
 24748 | Lair:5   | Received a gift from Okawaru
 24917 | Lair:6   | Reached skill level 1 in Armour
 25107 | Lair:6   | Got a warped morningstar
 25111 | Lair:6   | Identified the cursed +3 morningstar "Spiderslayer" {crush, rF+} (You found it on level 6 of the Lair of Beasts)
 25335 | Lair:6   | Reached skill level 5 in Armour
 25486 | Lair:6   | Identified the +9 large shield of Vorchol {rN+++ rCorr Int+3} (Okawaru gifted it to you on level 2 of the Orcish Mines)
 25642 | Orc:2    | Reached skill level 1 in Shields
 25681 | Elf:1    | Entered Level 1 of the Elven Halls
 26051 | Elf:1    | Found a ruined gateway.
 26092 | Desolati | Entered the Desolation of Salt
 26125 | Desolati | Reached skill level 1 in Invocations
 26360 | Desolati | Gained mutation: You are frail. (-10% HP) [mutagenic meat]
 26363 | Desolati | Gained mutation: Your flesh is cold resistant. (rC+) [mutagenic meat]
 26366 | Desolati | Gained mutation: You have large cloven feet. [mutagenic meat]
 26369 | Desolati | Gained mutation: You are somewhat resistant to further mutation. [mutagenic meat]
 26444 | Desolati | Received a gift from Okawaru
 26462 | Desolati | Reached skill level 5 in Invocations
 26462 | Desolati | Reached XP level 16. HP: 44/163 MP: 13/20
 26483 | Desolati | Killed from afar by a servant of whispers

Vault maps used:
D:1:      sevenhm_arrival_forest_fort_large_4
D:2:      first_bread
D:3:      uniq_crazy_yiuf_cottage
D:4:      tso_altar, uniq_edmund
D:5:      amethyst_killhole
D:7:      uniq_joseph, uniq_pikel
D:9:      minmay_statue_hallways, orc_0_dummy
D:11:     grunt_lair_entry_orc_guard_hut, grunt_livestock,
          minmay_misc_feat_pillars
Temple:   compressed_dpeg_circular_temple
Lair:1:   wad_woods_structure_01, infiniplex_staircase_pool_2
Lair:2:   minmay_lair_oklob_items, shoals_dummy_entry, grunt_megastairs_5
Lair:3:   gammafunk_lair_bear_cave, guppyfry_snake_entry_garden,
          nicolae_quartered_pool_little
Lair:5:   minmay_slime_entry_pillars
Lair:6:   grunt_lair_end_beastmaster
Orc:1:    serial_shops, nicolae_shop_trees, special_room, uniq_erica,
          uniq_snorg, uniq_gastronok
Orc:2:    grunt_orc_tribal_feast, serial_shops,
          nicolae_shop_competitors_out_of_business, mines2_david, uniq_maurice,
          uniq_saint_roka
Elf:1:    portal_desolation_entry_ruin, evilmike_minifort, spider_trap

Skill      XL: |  1  2  3  4  5  6  7  8  9 10 11 12 13 14 15 |
---------------+----------------------------------------------+-----
Fighting       | 3 4 5 7 9 10 14 16 | 16.8
Throwing       | 5 6 12 14 16 17 | 17.2
Maces & Flails | 4 5 7 9 10 12 14 | 14.0
Dodging        | 6 8 |  8.7
Spellcasting   | 3 |  3.0
Charms         | 1 |  1.0
Transmutations | 1 |  1.0
Air Magic      | 1 |  1.0
Earth Magic    | 1 |  1.0
Armour         | 5 |  5.0
Shields        | 3 |  3.3
Invocations    | 5 |  5.8
Stealth        | |  0.7

Action                   |  1- 3 |  4- 6 |  7- 9 | 10-12 | 13-15 | 16-18 || total
-------------------------+-------+-------+-------+-------+-------+-------++-------
Melee: Short sword       |   150 |       |       |       |       |       ||   150
       Dire flail        |       |    31 |   377 |   556 |   624 |    19 ||  1607
       Peck              |       |       |    36 |   135 |   146 |     6 ||   323
       Kick              |       |       |       |       |    13 |     8 ||    21
Throw: Large rock        |     8 |       |     6 |    45 |    61 |       ||   120
       Throwing net      |     1 |       |       |     1 |       |       ||     2
       Tomahawk          |       |       |     1 |    19 |   553 |       ||   573
       Javelin           |       |       |       |     4 |    62 |       ||    66
 Cast: Repel Missiles    |       |       |       |       |     1 |       ||     1
Invok: Heroism           |       |       |       |     1 |     2 |       ||     3
       Finesse           |       |       |       |       |     2 |       ||     2
Evoke: Wand              |       |       |       |     1 |       |       ||     1
  Use: Scroll            |       |       |     5 |    10 |    24 |       ||    39
       Potion            |       |       |       |     3 |     4 |     2 ||     9
 Stab: Sleeping          |     1 |       |     4 |       |     1 |       ||     6
       Distracted        |       |       |       |     2 |       |       ||     2
       Held in net/web   |       |       |       |     1 |       |       ||     1
  Eat: Chunk             |     1 |     1 |    26 |    28 |    38 |       ||    94
Armor: Robe              |    63 |     4 |   100 |    81 |    68 |       ||   316
       Troll hide        |       |       |       |     3 |       |       ||     3
       Fire dragon armou |       |       |       |       |    89 |     5 ||    94
Dodge: Dodged            |   124 |    11 |   193 |   261 |   300 |     9 ||   898
       Deflected         |       |       |       |       |     2 |       ||     2
Block: Other             |       |       |       |       |    33 |       ||    33
       Reflection        |       |       |       |       |     1 |       ||     1
